 Dungeon Crawl Stone Soup version 0.30.0-29-ga12c61a403 (webtiles) character file.

Game seed: 15658176184760635697

40 seaoflcl the Trooper (level 3, 0/29 HPs)
             Began as a Demonspawn Fighter on June 16, 2023.
             Slain by a worm (9 damage)
             ... on level 2 of the Dungeon.
             The game lasted 00:01:02 (1121 turns).

seaoflcl the Trooper (Demonspawn Fighter)           Turns: 1121, Time: 00:01:02

Health: 0/29       AC:  7    Str: 18    XL:     3   Next: 30%
Magic:  3/3        EV:  9    Int:  9    God:
Gold:   136        SH:  4    Dex: 12    Spells: 2/2 levels left

rFire   . . .        a - +0 war axe
rCold   . . .        c - +0 buckler
rNeg    . . .        b - +0 scale mail
rPois   .            (no helmet)
rElec   .            (no cloak)
rCorr   .            k - +0 pair of gloves
SInv    .            (no boots)
Will    .....        (no amulet) Stlth
                     (no ring)
HPRegen 0.24/turn    (no ring)
MPRegen 0.08/turn

%: no passive effects
@: no status effects
A: demonic touch 1
a: no special abilities


You were on level 2 of the Dungeon.
You visited 1 branch of the dungeon, and saw 2 of its levels.

You collected 136 gold pieces.

Inventory:

Hand Weapons
 a - a +0 war axe (weapon)
Armour
 b - a +0 scale mail (worn)
 c - a +0 buckler (worn)
 k - a +0 pair of gloves (worn)
Jewellery
 m - a ring of fire
Scrolls
 g - a scroll of blinking {unknown}
 j - a scroll of identify {unknown}
 l - a scroll of immolation {unknown}
 n - a scroll of vulnerability {unknown}
 o - a scroll of teleportation {unknown}
 p - 3 scrolls of noise {unknown}
Potions
 d - a potion of might
 e - 2 potions of flight {unknown}
 f - a potion of curing {unknown}
 h - a potion of berserk rage {unknown}
 i - a potion of heal wounds {unknown}
 q - a potion of magic {unknown}


   Skills:
 + Level 3.3 Fighting
 * Level 2.5 Axes
 + Level 3.0 Armour
 + Level 3.0 Shields


You had 2 spell levels left.
You didn't know any spells.
Your spell library was empty.

Dungeon Overview and Level Annotations

Branches:
Dungeon (2/15)

Altars:


Innate Abilities, Weirdness & Mutations

Your touch may inflict minor irresistible damage on your foes.


Message History

You hit the worm.
The worm is lightly wounded.
The worm bites you. The kobold barely misses you.
You completely miss the worm.
The worm is lightly wounded.
You hit the kobold. You block the kobold's attack. The worm bites you.
You hit the kobold.
You kill the kobold!
You hit the worm. x2; The worm bites you.
The worm barely misses you.
Your Shields skill increases to level 3!
You hit the worm but do no damage.
The worm is moderately wounded.
You barely miss the worm. The worm bites you.
You hit the worm.
The worm is moderately wounded.
You hit the worm but do no damage. The worm bites you.
The worm bites you but does no damage.
You hit the worm.
The worm is heavily wounded.
You hit the worm. The worm bites you.
You hit the worm.
The worm is severely wounded.
You slash the worm! The worm closely misses you. The worm barely misses you.
You hit the worm.
You kill the worm!
You hit the worm. The worm bites you.
You are too injured to fight recklessly!
You are too injured to fight recklessly!
You are too injured to fight recklessly!
You are too injured to fight recklessly!
You are too injured to fight recklessly!
You are too injured to fight recklessly!
You are too injured to fight recklessly!
You hit the worm.
The worm is severely wounded.
The worm bites you.
You hit the worm.
The worm is almost dead.
The worm bites you!
You die...

#.#....###.# ###
##....####.## .......# ...
.. ###..####.<. .###.###
#### #.## ##.......## ##
#.# #..#####..#####..# #
#.# #.##....## ##.# # #.#
#....#### #.. ####.#####
#####....### ###
........). #..........###
##.>.######...##@##......#
...### #(. #))w#..###.##
.#.### ##..# ##.##.##
#..## ##...##...# ...#.#
##..# ####.#..# #.#####.#
##.## # .......##
#.......# #..# #
####....## #####.### ##.#
### #.##..#.###....#
#.###.. ##†..........####
#...#.#


You could see a worm.

Vanquished Creatures
  A worm (D:2)
  2 dart slugs
  An endoplasm (D:1)
  2 giant cockroaches
  A goblin (D:1)
  5 hobgoblins
  2 jackals (D:2)
  2 kobolds
  3 quokkas (D:1)
  2 ball pythons
  2 bats (D:1)
  4 frilled lizards
  5 rats
32 creatures vanquished.

Notes
Turn   | Place    | Note
-------+----------+-------------------------------------------
     0 | D:1      | seaoflcl the Demonspawn Fighter began the quest for the
                  | Orb.
     0 | D:1      | Reached XP level 1. HP: 18/18 MP: 1/1
   140 | D:1      | Gained mutation: Your touch may inflict minor irresistible
                  | damage on your foes. [demonic ancestry]
   140 | D:1      | Reached XP level 2. HP: 24/24 MP: 2/2
   781 | D:2      | Reached XP level 3. HP: 27/29 MP: 3/3
  1121 | D:2      | Slain by a worm

Illustrated notes

Levels and vault maps discovered:
D:1:      dpeg_arrival_long_road, layout_basic, st_stairs_8
D:2:      layout_rooms, minivault_25, chequers_serial_rivers_micro_c,
          minmay_split_cup_small

Skill      XL: |  1  2  3 |
---------------+----------+-----
Axes           | 2 |  2.5
Armour         | 3 |  3.0
Shields        | 3 |  3.0
Fighting       | |  3.3

Action                     || total
---------------------------++-------
  Melee: War axe           ||    74
 Armour: Scale mail        ||    24
  Dodge: Dodged            ||    38
  Block: Buckler           ||    14
